 Dungeon Crawl Stone Soup version 0.29.1-15-g9cfb28693d (webtiles) character file.

Game seed: 15134809950579777356

83687 Jerry the Slicer (level 15, 0/69 (80) HPs)
             Began as a Vine Stalker Fighter on Jan 13, 2023.
             Was a Believer of Uskayaw.
             Slain by a merfolk
             ... wielding a +0 vorpal trident
              (8 damage)
             ... on level 1 of the Shoals on Sept 28, 2023.
             The game lasted 01:37:42 (21240 turns).

Jerry the Slicer (Vine Stalker Fighter)            Turns: 21240, Time: 01:37:43

HP:   0/69 (80)     AC: 43    Str: 23    XL:     15   Next: 77%
MP:   0/23          EV:  8    Int: 18    God:    Uskayaw [**....]
Gold: 184           SH:  6    Dex: 18    Spells: 14/14 levels left

rFire   + . .      SeeInvis .   k - +3 short sword (protect)
rCold   + + .      Faith    +   c - +0 buckler
rNeg    . . .      Spirit   +   K - +6 gold dragon scales
rPois   +          Reflect  .   L - +2 hat {Int+3}
rElec   .          Harm     .   R - +1 cloak
rCorr   .          Rampage  .   U - +2 pair of gloves
Will    ++...                   n - +0 pair of boots
Stlth   ..........              h - amulet of faith
HPRegen 1.01/turn               J - ring of flight
MPRegen 0.18/turn               H - ring "Enayn" {rC+ Int+6}

@: about to teleport, under a protective aura, flying, heavily drained, unable
to drink
A: fangs 3, regeneration 1, magic shield, antimagic bite, no potion heal 2,
iridescent scales 1, strong-willed 1, strong 1, inability to drink after injury
1
a: Renounce Religion, Stomp, Line Pass


You were on level 1 of the Shoals.
You worshipped Uskayaw.
Uskayaw was aware of your devotion.
You visited 5 branches of the dungeon, and saw 23 of its levels.

You collected 1939 gold pieces.
You spent 1755 gold pieces at shops.

Inventory:

Hand Weapons
 a - a +0 vorpal rapier
 k - a +3 short sword of protection (weapon)
 P - a +0 rapier of distortion
Missiles
 F - 6 javelins (quivered)
 N - a throwing net
Armour
 c - a +0 buckler (worn)
 n - a +0 pair of boots (worn)
 K - +6 gold dragon scales (worn)
 L - a +2 hat of intelligence (worn)
 R - a +1 cloak (worn)
 U - a +2 pair of gloves (worn)
Jewellery
 b - a +4 ring of evasion
 h - an amulet of faith (around neck)
 u - a ring of protection from cold
 w - a ring of willpower
 B - a ring of willpower
 H - the ring "Enayn" (right hand) {rC+ Int+6}
   (You found it on level 2 of the Lair of Beasts)

   [ring of intelligence]

   Int:       It affects your intelligence (+6).
   rC:        It protects you from cold.
 I - a ring of resist corrosion
 J - a ring of flight (left hand)
Wands
 d - a wand of mindburst (30)
 e - a wand of quicksilver (12)
 l - a wand of polymorph (7)
 y - a wand of flame (57)
 z - a wand of charming (30)
 D - a wand of iceblast (15)
Scrolls
 f - 6 scrolls of teleportation
 j - 3 scrolls of blinking
 p - 3 scrolls of butterflies
 q - 2 scrolls of magic mapping
 t - 3 scrolls of amnesia
 x - 4 scrolls of fear
 E - 4 scrolls of identify
 O - 2 scrolls of poison
 Q - 2 scrolls of silence
Potions
 g - 5 potions of flight
 i - 4 potions of attraction
 m - 9 potions of curing
 o - a potion of resistance
 r - 2 potions of lignification
 v - 7 potions of ambrosia
 A - 2 potions of mutation
 C - a potion of cancellation
 G - 2 potions of brilliance
Miscellaneous
 S - a lightning rod (4/4)
 T - a tin of tremorstones (2/2)


   Skills:
 + Level 9.8 Fighting
 + Level 13.0 Short Blades
 * Level 12.3 Armour
 - Level 8.3 Dodging
 - Level 11.0 Stealth
 - Level 5.0 Shields
 + Level 10.3 Invocations


You had 14 spell levels left.
You didn't know any spells.
Your spell library contained the following spells:

 Spells                   Type           Power      Damage    Failure   Level
 Apportation              Tloc           0%         N/A       100%        1
 Freeze                   Ice            0%         1d3       100%        1
 Necrotise                Necr           0%         1d4       100%        1
 Sandblast                Erth           0%         2d4       100%        1
 Summon Small Mammal      Summ           0%         N/A       100%        1
 Passwall                 Tmut/Erth      0%         N/A       100%        2
 Frozen Ramparts          Ice            0%         1d1       100%        3
 Inner Flame              Hex/Fire       0%         N/A       100%        3
 Ozocubu's Armour         Ice            0%         N/A       100%        3
 Stone Arrow              Conj/Erth      0%         3d7       100%        3
 Tukima's Dance           Hex            0%         N/A       100%        3
 Vampiric Draining        Necr           0%         2d6       100%        3
 Cause Fear               Hex            0%         N/A       100%        4
 Corpse Rot               Necr/Pois/Air  0%         N/A       100%        4
 Dispel Undead            Necr           0%         3d6       100%        4
 Hailstorm                Conj/Ice       0%         3d3       100%        4
 Passage of Golubria      Tloc           0%         N/A       100%        4
 Agony                    Necr           0%         N/A       100%        5
 Borgnjor's Vile Clutch   Necr/Erth      0%         N/A       100%        5
 Metabolic Englaciation   Hex/Ice        0%         N/A       100%        5
 Yara's Violent Unravell  Hex/Tmut       0%         3d3       100%        5
 Death Channel            Necr           0%         N/A       100%        6
 Simulacrum               Ice/Necr       0%         N/A       100%        6
 Ozocubu's Refrigeration  Ice            0%         4d7       100%        7
 Discord                  Hex            0%         N/A       100%        8


Dungeon Overview and Level Annotations

Branches:
Dungeon (14/15)            Temple (1/1) D:6            Lair (5/5) D:11
 Shoals (1/4) Lair:3       Spider (0/4) Lair:3        Slime (0/5) Lair:5
    Orc (2/2) D:9          Vaults (0/5) D:14
    Elf: Orc:2

Altars:
Ashenzari
Cheibriados
Dithmenos
Elyvilon
Fedhas
Gozag
Hepliaklqana
Kikubaaqudgha
Makhleb
Nemelex Xobeh
Okawaru
Qazlal
Ru
Sif Muna
Trog
Uskayaw
Vehumet
Wu Jian
Xom
Yredelemnul
Zin
The Shining One
Jiyva

Shops:
D:8 !   D:11 [   D:13 (

Annotations:
D:12 2 transporters
Lair:2 exclusion: oklob plant
Orc:1 1 runed translucent door, Mebogiq's ghost, journeyman FeEn
Orc:2 Josephine


Innate Abilities, Weirdness & Mutations

You have razor-sharp teeth.
Your natural rate of healing is unusually fast.
When hurt, damage is shared between your health and your magic reserves.
Your bite disrupts and absorbs the magic of your enemies.
Potions cannot restore your health.
You are partially covered in iridescent scales. (AC +2)
You are strong-willed. (Will+)
Your muscles are strong. (Str +4, Int/Dex -1)
You occasionally lose the ability to drink potions when taking damage.


Message History

The merfolk hits you with a +0 vorpal trident.
You closely miss the merfolk.
The merfolk is severely wounded.
The water nymph touches you. The water nymph drowns you!
You hit the merfolk but do no damage. You bite the merfolk!
You drain its power.
You feel invigorated.
The merfolk is severely wounded.
The wind drake bites you but does no damage.
The merfolk hits you but does no damage.
You closely miss the merfolk. Your bite misses the merfolk.
The merfolk is severely wounded.
The water nymph points at you and mumbles some strange words.
The water rises up and strikes you.
The wind drake bites you but does no damage.
The merfolk impaler completely misses you.
You barely miss the merfolk.
The merfolk is severely wounded.
The merfolk hits you but does no damage.
The water nymph casts a spell at you. The water rises up and strikes you!!
You feel threatened and lose the ability to drink potions!
The merfolk impaler hits you from afar with a +1 vampiric trident!
You are too injured to fight recklessly!
You are too injured to fight recklessly!
You are too injured to fight recklessly!
As you read the scroll of teleportation, it crumbles to dust.
You feel strangely unstable.
The wind drake bites you but does no damage.
The merfolk impaler hits you but does no damage.
The merfolk hits you with a +0 vorpal trident!
* * * LOW HITPOINT WARNING * * *
x2 The water nymph points at you and mumbles some strange words.
The water rises up and strikes you.
* * * LOW HITPOINT WARNING * * *
The wind drake bites you but does no damage.
The merfolk attacks as you move away!
The merfolk hits you with a +0 vorpal trident.
* * * LOW HITPOINT WARNING * * *
The merfolk hits you from afar with a +0 vorpal trident!
You die...

~..~~..##....~~...)# ~~.P
~~~~~~....###......###~..~
~~~~~~~..## ##......#....~
~~~~~~~~.## ##~......~##.
≈~~~~~~~..## ##.~.........
~~~~~~~....###..~~.......P
~~~~~......##...~~~......~
~~~~~~..#######.~m~~~..~~~
~~~....## #.@km.~~~~~~
........### ##..m##.~~~~
~.........# #.### .~~~~
≈≈~~..~...# #.# ~≈~~
≈≈≈≈~....## ... ~≈≈≈
≈≈≈≈~..### ...# ≈≈≈≈~..#
.... ~≈≈≈~..####.>~~~..
~~~≈~.......~~


You could see a merfolk impaler, a wind drake (repels missiles), a merfolk and a
water nymph.

Vanquished Creatures
  Gastronok (D:8)
  A fire dragon (D:13)
  The ghost of enPassant the Eclecticist, a journeyman MeEE of Cheibriados (Lair:5)
  A merfolk impaler (Shoals:1)
  Erolcha (D:9)
  A vault guard (D:14)
  7 hydras
  4 boulder beetles
  4 catoblepae (Lair:5)
  3 centaur warriors
  16 death yaks
  6 two-headed ogres
  A death knight (D:14)
  3 tengu warriors
  Urug (D:10)
  Amaemon (D:8)
  3 sea snakes (Shoals:1)
  A skeletal warrior (D:14)
  A fire crab (D:14)
  4 deep elf pyromancers
  3 harpies (Shoals:1)
  13 ugly things
  A wolf spider (Lair:5)
  4 cyclopes
  A faun (Shoals:1)
  An oklob plant (Lair:3)
  4 manticores
  6 black mambas
  Maurice (D:8)
  11 cane toads
  An orange demon (D:8)
  A gargoyle (D:10)
  An unseen horror (D:13)
  4 freezing wraiths (D:14)
  Maggie (Lair:2)
  11 komodo dragons
  An efreet (D:13)
  3 merfolk (Shoals:1)
  A hornet (D:11)
  4 trolls
  A meliai (Lair:3)
  A wind drake (Shoals:1)
  A queen bee (D:11)
  3 polar bears
  5 blink frogs (Lair:4)
  4 dream sheep (Lair:3)
  9 slime creatures
  2 shadows
  2 vampires (D:13)
  A water elemental (Shoals:1)
  3 wyverns
  41 yaks
  3 wraiths
  2 basilisks
  4 vampire mosquitoes (D:10)
  3 steam dragons
  2 acid dragons
  16 water moccasins
  8 orc warriors
  2 ice beasts
  A sky beast (D:7)
  8 black bears
  2 boggarts (D:14)
  22 wolves
  13 ogres
  3 centaurs
  A phantom (D:5)
  5 kobold brigands
  8 bullfrogs
  A gnoll sergeant (D:10)
  A necrophage (D:5)
  A scorpion (D:7)
  A water moccasin zombie (D:6)
  13 wights
  34 killer bees
  2 electric eels (Lair:3)
  3 howler monkeys
  A bullfrog zombie (D:6)
  2 gnoll boudas
  11 orc priests
  5 hounds
  2 jellies
  A centaur skeleton (D:6)
  6 iguanas (D:5)
  Terence (D:2)
  5 hell rats (Lair:3)
  17 orc wizards
  2 killer bee zombies (D:6)
  2 adders
  16 gnolls
  4 shadow imps
  A white imp (D:5)
  4 worms
  3 dart slugs
  37 orcs
  7 endoplasms
  3 giant cockroaches
  8 goblins
  4 hobgoblins
  3 quokkas
  7 ball pythons
  6 bats
  6 frilled lizards
  32 kobolds
  3 rats
565 creatures vanquished.

Vanquished Creatures (others)
  A boggart (D:14)
  14 fungi
  57 plants
  3 withered plants (D:6)
75 creatures vanquished.

Grand Total: 640 creatures vanquished

Notes
Turn   | Place    | Note
-------+----------+-------------------------------------------
     0 | D:1      | Jerry the Vine Stalker Fighter began the quest for the Orb.
     0 | D:1      | Reached XP level 1. HP: 11/11 MP: 2/2
   216 | D:1      | Reached XP level 2. HP: 16/16 MP: 3/3
   231 | D:1      | Reached skill level 2 in Short Blades
   706 | D:1      | Reached XP level 3. HP: 19/19 MP: 4/4
   976 | D:1      | Found a faded altar of an unknown god.
  1333 | D:2      | Noticed Terence
  1352 | D:2      | Killed Terence
  1353 | D:2      | Gained mutation: Your natural rate of healing is unusually
                  | fast. [Vine Stalker growth]
  1353 | D:2      | Reached XP level 4. HP: 10/24 MP: 3/5
  1874 | D:3      | Found a glowing golden altar of the Shining One.
  1882 | D:3      | Noticed an angel
  1969 | D:3      | Reached XP level 5. HP: 26/28 MP: 4/6
  2237 | D:3      | Found a basalt altar of Yredelemnul.
  2239 | D:3      | Noticed a profane servitor
  2673 | D:4      | Found a snail-covered altar of Cheibriados.
  2800 | D:4      | Reached skill level 3 in Short Blades
  2838 | D:4      | Found an opulent altar of Gozag.
  2995 | D:4      | Reached XP level 6. HP: 23/33 MP: 7/7
  3040 | D:5      | Entered Level 5 of the Dungeon
  3085 | D:5      | Noticed a black bear
  3098 | D:5      | Killed a black bear
  3241 | D:5      | Reached XP level 7. HP: 34/37 MP: 8/8
  3348 | D:5      | Reached skill level 4 in Short Blades
  3661 | D:5      | Gained mutation: You have razor-sharp teeth. [Vine Stalker
                  | growth]
  3661 | D:5      | Reached XP level 8. HP: 42/42 MP: 7/9
  3987 | D:6      | Reached skill level 5 in Fighting
  3987 | D:6      | Reached skill level 5 in Shields
  4060 | D:6      | Found a staircase to the Ecumenical Temple.
  4068 | Temple   | Entered the Ecumenical Temple
  4204 | D:6      | Upgraded the game from 0.29.1-12-g30fa7ad0bf to
                  | 0.29.1-15-g9cfb28693d
  4522 | D:6      | Reached skill level 1 in Stealth
  4688 | D:7      | Reached skill level 5 in Short Blades
  4688 | D:7      | Reached skill level 5 in Armour
  4723 | D:7      | Found an ornate altar of the Wu Jian Council.
  4729 | D:7      | Found a shimmering altar of Xom.
  4771 | D:7      | Reached XP level 9. HP: 39/48 MP: 6/10
  5155 | D:7      | Found a white marble altar of Elyvilon.
  5556 | D:6      | Reached skill level 5 in Stealth
  5588 | D:6      | Found a blossoming altar of Fedhas.
  5706 | D:8      | Noticed Maurice
  5739 | D:7      | Reached skill level 6 in Short Blades
  5972 | D:8      | Noticed Gastronok
  6042 | D:8      | Killed Gastronok
  6043 | D:8      | Reached XP level 10. HP: 21/55 MP: 11/11
  6150 | D:8      | Found Jawif's Distillery.
  6175 | D:8      | Reached skill level 7 in Short Blades
  6236 | D:8      | Killed Maurice
  6493 | D:8      | Found a burning altar of Makhleb.
  6519 | D:8      | Noticed Amaemon
  7051 | D:8      | Gained mutation: You sometimes lose your temper in combat.
                  | [potion of mutation]
  7051 | D:8      | Gained mutation: Your system is resistant to poisons.
                  | (rPois) [potion of mutation]
  7051 | D:8      | Gained mutation: You have a pair of small horns on your
                  | head. [potion of mutation]
  7057 | D:8      | Noticed an orange demon
  7069 | D:8      | Killed Amaemon
  7070 | D:8      | Reached XP level 11. HP: 60/60 MP: 12/12
  7395 | D:9      | Noticed Erolcha
  7450 | D:9      | Killed Erolcha
  7451 | D:9      | Reached skill level 8 in Short Blades
  7666 | D:9      | Noticed a cyclops
  7667 | D:9      | Noticed a red ugly thing
  7709 | D:9      | Killed a cyclops
  7819 | D:9      | Found a staircase to the Orcish Mines.
  7914 | D:9      | Identified the +5 ring mail "Yzujima" {+Blink rPois Str+10
                  | Dex-2}
  8004 | D:9      | Found a hazy altar of Hepliaklqana.
  8008 | D:9      | Found a hide-covered altar of Uskayaw.
  8009 | D:9      | Found a broken altar of Ashenzari.
  8015 | D:9      | Became a worshipper of Uskayaw the Reveller
  8222 | D:10     | Entered Level 10 of the Dungeon
  8243 | D:10     | Reached * piety under Uskayaw
  8246 | D:10     | Reached ** piety under Uskayaw
  8326 | D:10     | You fall into a shaft and drop 3 floors!
  8335 | D:13     | Noticed a cyclops
  8453 | D:12     | Reached *** piety under Uskayaw
  8493 | D:11     | Noticed a seven-headed hydra
  8509 | D:11     | Killed a seven-headed hydra
  8522 | D:11     | Noticed a two-headed ogre
  8532 | D:11     | Killed a two-headed ogre
  8533 | D:11     | Reached skill level 10 in Stealth
  8608 | D:11     | Noticed a two-headed ogre
  8611 | D:11     | Found a staircase to the Lair.
  8622 | D:11     | Killed a two-headed ogre
  8641 | D:11     | Noticed a white ugly thing
  8665 | D:11     | Killed a white ugly thing
  8665 | D:11     | Reached **** piety under Uskayaw
  8676 | D:11     | Reached ***** piety under Uskayaw
  8681 | D:11     | Noticed a purple ugly thing
  8971 | D:11     | Found Lancelot's Dragon-Slaying Spoils.
  9181 | D:11     | Reached XP level 12. HP: 54/66 MP: 9/13
  9187 | D:11     | Reached skill level 9 in Short Blades
  9360 | D:10     | Noticed Urug
  9730 | D:10     | Killed Urug
  9781 | D:10     | Reached skill level 1 in Invocations
  9851 | D:10     | Found a sparkling altar of Nemelex Xobeh.
 10121 | D:9      | Reached skill level 1 in Dodging
 10137 | D:8      | Bought a potion of mutation for 88 gold pieces
 10137 | D:8      | Lost mutation: Your system is resistant to poisons. (rPois)
                  | [potion of mutation]
 10137 | D:8      | Lost mutation: You have a pair of small horns on your head.
                  | [potion of mutation]
 10137 | D:8      | Gained mutation: Armour fits poorly on your strangely
                  | shaped body. [potion of mutation]
 10137 | D:8      | Gained mutation: Your system is resistant to poisons.
                  | (rPois) [potion of mutation]
 10137 | D:8      | Gained mutation: You expend magic power (3 MP) to
                  | strengthen your wands. [potion of mutation]
 10138 | D:8      | Bought 2 potions of mutation for 176 gold pieces
 10138 | D:8      | Lost mutation: Your system is resistant to poisons. (rPois)
                  | [potion of mutation]
 10138 | D:8      | Lost mutation: You expend magic power (3 MP) to strengthen
                  | your wands. [potion of mutation]
 10138 | D:8      | Lost mutation: Armour fits poorly on your strangely shaped
                  | body. [potion of mutation]
 10138 | D:8      | Gained mutation: You are frail. (-10% HP) [potion of
                  | mutation]
 10138 | D:8      | Gained mutation: Your magical capacity is low. (-10% MP)
                  | [potion of mutation]
 10138 | D:8      | Gained mutation: You occasionally lose the ability to drink
                  | potions when taking damage. [potion of mutation]
 10138 | D:8      | Gained mutation: Your muscles are strong. (Str +4, Int/Dex
                  | -1) [potion of mutation]
 10139 | D:8      | Lost mutation: You sometimes lose your temper in combat.
                  | [potion of mutation]
 10139 | D:8      | Lost mutation: Your magical capacity is low. (-10% MP)
                  | [potion of mutation]
 10139 | D:8      | Lost mutation: You are frail. (-10% HP) [potion of
                  | mutation]
 10139 | D:8      | Gained mutation: You are partially covered in iridescent
                  | scales. (AC +2) [potion of mutation]
 10139 | D:8      | Gained mutation: You are strong-willed. (Will+) [potion of
                  | mutation]
 10253 | Lair:1   | Entered Level 1 of the Lair of Beasts
 10918 | Lair:2   | Noticed a boulder beetle
 11030 | Orc:1    | Entered Level 1 of the Orcish Mines
 11058 | Orc:1    | Found a runed translucent door.
 11075 | Orc:1    | Noticed Mebogiq's ghost (journeyman FeEn)
 11133 | Orc:1    | Reached ****** piety under Uskayaw
 11272 | Orc:1    | Noticed a two-headed ogre
 11288 | Orc:1    | Noticed a two-headed ogre
 11290 | Orc:1    | Killed a two-headed ogre
 11302 | Orc:1    | Killed a two-headed ogre
 11310 | Orc:1    | Noticed a two-headed ogre
 11463 | Orc:1    | Killed a two-headed ogre
 11895 | Orc:2    | Entered Level 2 of the Orcish Mines
 11895 | Orc:2    | Noticed Josephine
 12059 | D:12     | Reached skill level 10 in Short Blades
 12184 | D:12     | Reached XP level 13. HP: 70/70 MP: 17/17
 12360 | D:12     | Reached skill level 5 in Invocations
 12546 | D:12     | Found a transporter.
 12551 | D:12     | Found a transporter.
 13256 | D:13     | Reached skill level 10 in Armour
 13521 | D:13     | Found Ciblyhoi's Antique Weapon Shoppe.
 13587 | D:13     | Reached skill level 5 in Dodging
 13641 | D:13     | Bought a runed rapier for 273 gold pieces
 14259 | D:14     | Reached skill level 11 in Short Blades
 14938 | D:14     | Noticed a fire dragon
 14939 | D:14     | Noticed a vault guard
 15294 | D:13     | Killed a fire dragon
 15504 | D:14     | Reached XP level 14. HP: 67/75 MP: 20/20
 15736 | D:14     | Found a gate to the Vaults.
 16382 | Lair:2   | Noticed Maggie
 16392 | Lair:2   | Killed Maggie
 16638 | Lair:2   | Identified the ring "Enayn" {rC+ Int+6}
 17792 | Lair:3   | Found a staircase to the Shoals.
 17891 | Lair:3   | Reached skill level 12 in Short Blades
 17922 | Lair:3   | Got the Tome of the Freezing Mountains
 18219 | Lair:3   | Found a hole to the Spider Nest.
 18978 | Lair:5   | Entered Level 5 of the Lair of Beasts
 19031 | Lair:5   | Reached XP level 15. HP: 79/79 MP: 22/22
 19478 | Lair:5   | Found a staircase to the Slime Pits.
 19479 | Lair:5   | Found a viscous altar of Jiyva.
 20066 | D:11     | Bought +1 gold dragon scales for 1218 gold pieces
 20347 | Lair:5   | Found a runed translucent gate.
 20348 | Lair:5   | Found a runed translucent gate.
 20349 | Lair:5   | Found a runed translucent gate.
 20349 | Lair:5   | Noticed enPassant's ghost (journeyman MeEE)
 20375 | Lair:5   | Reached skill level 10 in Invocations
 20410 | Lair:5   | Killed enPassant's ghost
 20465 | Lair:5   | Identified the +5 scimitar "Ogyeteph" {vorpal, rPois}
 20852 | Shoals:1 | Entered Level 1 of the Shoals
 21155 | Shoals:1 | Reached skill level 13 in Short Blades
 21240 | Shoals:1 | Slain by a merfolk

Illustrated notes

Levels and vault maps discovered:
D:1:      lightli_arrival_noodles, layout_loops_ring,
          shapermc_ecumenical_altar_petra, minmay_pentomino_o4
D:2:      layout_loops_ring, minmay_misc_feat_doors, dk_vineyard_3,
          grunt_decor_junction, uniq_terence
D:3:      layout_loops_ring, grunt_temple_overflow_holy_war, serial_glass,
          glass_columns_a, glass_columns_c, due_unseen_surprise
D:4:      layout_basic, slow_altar_1,
          nicolae_gozag_cash_rules_everything_around_me, roderic_st_hans_cross,
          minivault_25
D:5:      layout_basic
D:6:      layout_cave_pools, fedhas_bush_and_centaur_altar,
          minmay_temple_entry_trees, serial_undead, serial_undead_e,
          serial_undead_b, serial_undead_a, serial_undead_b
D:7:      layout_basic, elyvilon_altar_5, mainiacjoe_overflow_large_starburst
D:8:      layout_basic, mainiacjoe_overflow_brackets, serial_shops,
          nicolae_take_the_stairs, nicolae_fountain_basement, uniq_gastronok,
          uniq_amaemon, uniq_maurice
D:9:      layout_loops_cross, minitemple, orc_0_dummy, uniq_erolcha
D:10:     layout_roguey, kennysheep_mini, solitary_fountain, uniq_urug
D:11:     layout_roguey, lair_entry_dummy, special_room [special_room_bee],
          nicolae_shop_dragon_depot, minmay_misc_feat_rugged
D:12:     gammafunk_beogh_shrine, layout_gridville, nicolae_figureground_pulse
D:13:     layout_roguey, serial_shops, nicolae_square_shop
D:14:     layout_rooms, david_vaults_5, grunt_decor_resistance
Temple:   kb_temple_of_zot
Lair:1:   layout_regular_city
Lair:2:   minmay_lair_oklob_tunnel, layout_long_grid, beast_lair_carwin_8,
          uniq_maggie
Lair:3:   cheibrodos_lair_river_kwai, layout_long_grid,
          elwin_shoals_entry_rocks, hellmonk_spider_entry_not_the_bees,
          nicolae_quartered_pool_little, minmay_lair_oklob_items,
          lemuel_fruit_tree
Lair:4:   layout_big_grid, infiniplex_staircase_pool_2
Lair:5:   evilmike_catoblepas_cave, layout_gridlike, slime_entry_1,
          gammafunk_ghost_hydra_chop, nicolae_lair_run_with_the_wolves
Shoals:1: layout_shoals, nicolae_shoals_stone_sculpture_thing
Orc:1:    lemuel_ogre_cave, layout_diamond_mine, basic_altar,
          gammafunk_ghost_grave
Orc:2:    pf_orc_diabolical, layout_caves, bloody_makhleb, uniq_josephine

Skill      XL: |  1  2  3  4  5  6  7  8  9 10 11 12 13 14 15 |
---------------+----------------------------------------------+-----
Short Blades   | 2 3 4 5 6 7 8 10 11 12 13 | 13.0
Shields        | 3 4 5 |  5.0
Fighting       | 3 4 5 7 8 9 |  9.8
Armour         | 3 4 5 6 7 8 9 10 11 12 | 12.3
Stealth        | 3 7 8 10 11 | 11.0
Invocations    | 4 7 9 10 | 10.3
Dodging        | 3 5 7 8 |  8.3

Action                   |  1- 3 |  4- 6 |  7- 9 | 10-12 | 13-15 || total
-------------------------+-------+-------+-------+-------+-------++-------
Melee: Rapier            |    31 |       |       |       |       ||    31
       Bite              |    23 |    61 |   154 |   291 |   754 ||  1283
       Short sword       |    67 |   178 |   402 |   858 |  1641 ||  3146
       Headbutt          |       |       |       |    88 |       ||    88
Throw: Throwing net      |       |       |     1 |     1 |     1 ||     3
       Javelin           |       |       |       |       |     2 ||     2
Evoke: Wand              |       |       |     4 |     5 |       ||     9
  Use: Potion            |       |     1 |     2 |     8 |     1 ||    12
       Scroll            |       |       |       |    20 |    16 ||    36
 Stab: Sleeping          |       |       |     1 |     9 |    11 ||    21
       Paralysed         |       |       |       |    28 |    89 ||   117
       Distracted        |       |       |       |     1 |     1 ||     2
Armor: Scale mail        |    40 |    74 |   196 |   122 |       ||   432
       Ring mail         |       |       |       |   165 |   535 ||   700
       Gold dragon scale |       |       |       |       |   165 ||   165
Dodge: Dodged            |    31 |    65 |   196 |   295 |   592 ||  1179
Block: Buckler           |    12 |    43 |   141 |   145 |   291 ||   632
